 Dungeon Crawl Stone Soup version 0.14.1-1-g650416f (webtiles) character file.

13000 Indrah22 the Basher (level 12, -3/86 HPs)
             Began as a Human Monk on May 13, 2014.
             Was a High Priest of Makhleb.
             Incinerated by a smoke demon (7 damage)
             ... with a sticky flame
             ... in an ice cave.
             The game lasted 01:39:53 (11098 turns).

Indrah22 the Basher (Human Monk)                   Turns: 11098, Time: 01:39:53

HP  -3/86        AC 18     Str 15      XL: 12   Next: 13%
MP  22/22        EV  8     Int 11      God: Makhleb [*****.]
Gold 1086        SH 11     Dex 17      Spells:  0 memorised, 11 levels left

rFire  . . .     SeeInvis .     q - +3,+4 mace (drain)
rCold  + . .     Clarity  .     e - +2 scale mail {rF+}
rNeg   + . .     Conserve .     h - +0 buckler
rPois  .         rCorr    +     t - +0 hat
rElec  .         rRot     .     z - +1 cloak
SustAb + .       Spirit   .     f - +1 pair of gloves
rMut   .         Warding  .     s - +1 pair of boots
Saprov . . .     Stasis   .     A - amulet of Midnight {rCorr +Fly rN+ MR++}
MR     ++...                    Z - ring of ice
                                R - ring of Reutryna {SustAb Dam+4}

@: liquid flames, about to teleport, lethally poisoned, glowing, very resistant
to hostile enchantments, extremely unstealthy
A: no striking features
a: Minor Destruction, Lesser Servant of Makhleb, Major Destruction, Greater
Servant of Makhleb, Renounce Religion, Evoke Flight


You were in an ice cave.
You worshipped Makhleb.
Makhleb was extremely pleased with you.
You were not hungry.

You visited 3 branches of the dungeon, and saw 13 of its levels.
You also visited: Ice Cave and Volcano.

You collected 1086 gold pieces.

Inventory:

Hand weapons
 a - a +2,+4 flail of protection
 q - a +3,+4 mace of draining (weapon)
 r - a +3,+3 whip of venom
Missiles
 d - 5 javelins (quivered)
 H - 2 throwing nets
 U - 2 tomahawks
Armour
 e - a +2 scale mail of fire resistance (worn)
 f - a +1 pair of gloves (worn)
 h - a +0 buckler (worn)
 n - a +0 shield
 s - a +1 pair of boots (worn)
 t - a +0 hat (worn)
 z - a +1 cloak (worn)
Magical devices
 x - a wand of slowing (12)
 C - a wand of disintegration (6)
 G - a wand of draining (0)
 J - a wand of digging (15)
 L - a wand of frost (5)
Comestibles
 b - 6 bread rations
Scrolls
 c - 2 scrolls of magic mapping
 i - 4 scrolls of immolation
 j - a scroll of summoning {unknown}
 k - 5 scrolls of remove curse
 o - a scroll of fog
 y - 3 scrolls of teleportation
 D - a scroll of recharging
 K - a scroll of silence {unknown}
 M - 2 scrolls of fear
Jewellery
 g - an uncursed amulet of stasis {unknown}
 m - an uncursed amulet of conservation
 A - the amulet of Midnight (around neck) {rCorr +Fly rN+ MR++}
   (You found it on level 7 of the Dungeon)

   [amulet of resist corrosion]

   It protects you from negative energy.
   It affects your resistance to hostile enchantments.
   It lets you fly.
 B - an uncursed ring of protection from cold {unknown}
 F - an uncursed ring of fire
 N - an uncursed ring of teleportation
 R - the ring of Reutryna (left hand) {SustAb Dam+4}
   (You found it on level 7 of the Dungeon)

   [ring of sustain abilities]

   It affects your damage with ranged weapons and melee attacks (+4).
 V - an uncursed amulet of rage
 Y - a +6 ring of protection
 Z - a ring of ice (right hand)
Potions
 O - 2 potions of brilliance


   Skills:
 - Level 5.0 Fighting
 - Level 11.4 Maces & Flails
 - Level 3.3 Throwing
 + Level 10.5 Armour
 - Level 3.0 Dodging
 - Level 2.0 Stealth
 - Level 4.0 Shields
 - Level 4.0 Unarmed Combat
 - Level 7.0 Invocations
 - Level 3.0 Evocations


You had 11 spell levels left.
You didn't know any spells.

Dungeon Overview and Level Annotations

Branches:
Dungeon (10/15)            Temple (1/1) D:5             Orc (0/4) D:10
   Lair (2/8) D:10

Altars:
Ashenzari
Cheibriados
Dithmenos
Elyvilon
Fedhas
Kikubaaqudgha
Makhleb
Nemelex Xobeh
Okawaru
Sif Muna
Trog
Vehumet
Xom
Yredelemnul
Zin
The Shining One
Beogh

Shops:
D:7 }


Message History

You block the orange demon's attack.
Read which item? (? for menu, Esc to quit)
As you read the scroll of teleportation, it crumbles to dust.
You feel strangely unstable. The orange demon barely misses you.
The orange demon hits you but does no damage.
The smoke demon roars!
The orange demon stings you but does no damage.
The smoke demon gestures at you. The sticky flame hits you!
You are covered in liquid flames!
One of your 3 scrolls of recharging catches fire!
Your scroll labeled SKUIGUO DOMAC catches fire!
* * * LOW HITPOINT WARNING * * *
Drink which item? (? for menu, Esc to quit)
That liquid tasted very nasty...
You are lethally poisoned!
It was a potion of poison.
You are covered in liquid flames!
One of your 2 scrolls of recharging catches fire!
You die...

..# ##..####.# ..# #.....##.#
#.# ##.....##.# #3##
#.......#.# #4D# ##.........#
#### ##§###........#.#
######..## #..##..........##
##..##....##
##..§...........###..........#
##.§§.........@.#.......∩.∩.#
##.......3..##.4..##.......#
#.........####..#####....##
##.........# #### ##..##
#........## #### ##......##
##....## ##..## ###


You could see an orange demon and a smoke demon.

Vanquished Creatures
  An ice statue (IceCv)
  4 hill giants
  A spiny frog (Lair:2)
  Grinder (D:6)
  2 blink frogs (Lair:1)
  2 trolls (D:9)
  Prince Ribbit (Lair:1)
  A two-headed ogre (D:10)
  Eustachio (D:4)
  2 yaks (D:10)
  A wyvern (D:10)
  4 vampire mosquitoes (D:10)
  2 hippogriffs
  A necrophage (D:9)
  A water moccasin (Lair:2)
  3 sky beasts
  12 ice beasts (IceCv)
  A black bear (D:10)
  4 ogres
  2 phantoms
  A centaur (D:9)
  A spectral black bear (D:9)
  2 giant slugs (Lair:1)
  4 giant frogs
  A big kobold (D:7)
  4 gnoll sergeants (D:7)
  A scorpion (D:5)
  A water moccasin zombie (D:5)
  A troll zombie (D:10)
  A hippogriff zombie (D:9)
  2 killer bees (D:7)
  An orc warrior (D:10)
  A quasit (D:8)
  2 goliath beetles
  A crimson imp (D:10)
  A centaur zombie (D:9)
  3 iguanas
  An electric eel (Lair:1)
  Crazy Yiuf (D:6)
  A jelly (D:10)
  An orange rat (D:7)
  A big fish (Lair:1)
  6 hounds
  3 orc wizards
  3 gnoll shamans
  3 orc priests
  7 worker ants
  Ijyb (D:2)
  A mummy (D:8)
  12 adders
  25 gnolls
  24 green rats
  3 shadow imps
  An inept item mimic (D:3)
  A worm (D:2)
  An adder skeleton (D:9)
  3 adder zombies
  2 giant eyeballs
  2 giant geckos
  40 orcs
  9 hobgoblins
  19 kobolds
  3 quokkas
  A ball python (D:3)
  11 bats
  7 giant cockroaches
  10 giant newts
  3 giant spores
  11 goblins
  A hobgoblin skeleton (D:4)
  2 hobgoblin zombies
  8 jackals
  3 orc zombies
  A quokka zombie (D:5)
  23 rats
  A rat skeleton (D:5)
  5 ballistomycetes
336 creatures vanquished.

Vanquished Creatures (collateral kills)
  Fannar (D:10)
  An ice dragon (IceCv)
  An ice statue (IceCv)
  2 yaks (D:10)
  A hippogriff (D:6)
  A soldier ant (D:10)
  3 orc warriors (D:10)
  3 ice beasts (IceCv)
  An ogre (D:5)
  A gnoll sergeant (D:7)
  A scorpion (D:6)
  4 killer bees (D:7)
  A gnoll shaman (D:7)
  An orc priest (D:5)
  2 hounds (D:7)
  An orc wizard (D:6)
  7 gnolls (D:7)
  An inept feature mimic (D:6)
  An iguana skeleton (D:5)
  3 orcs
  A quokka (D:5)
  A bat (D:10)
  5 jackals (D:7)
  A kobold (D:5)
45 creatures vanquished.

Vanquished Creatures (others)
  A green death (IceCv)
  2 orange demons (IceCv)
  2 hellwings
  A smoke demon (D:10)
  2 ynoxinuls
  A neqoxec (IceCv)
  An ogre (D:6)
  An iguana (D:6)
  A worker ant (D:6)
  An orc (D:6)
  A giant cockroach (D:6)
  A jackal skeleton (D:6)
  A rat (D:6)
16 creatures vanquished.

Grand Total: 397 creatures vanquished

Notes
Turn   | Place    | Note
--------------------------------------------------------------
     0 | D:1      | Indrah22, the Human Monk, began the quest for the Orb.
     0 | D:1      | Reached XP level 1. HP: 18/18 MP: 1/1
   173 | D:1      | Reached skill level 1 in Throwing
   230 | D:1      | Reached XP level 2. HP: 24/24 MP: 2/2
  1080 | D:2      | Noticed Ijyb
  1081 | D:2      | Reached XP level 3. HP: 29/29 MP: 3/3
  1104 | D:2      | Killed Ijyb
  1104 | D:2      | Reached skill level 1 in Maces & Flails
  1281 | D:2      | Reached XP level 4. HP: 35/35 MP: 4/4
  1759 | D:2      | Found a white marble altar of Elyvilon.
  1767 | D:2      | Found a burning altar of Makhleb.
  1792 | D:2      | Became a worshipper of Makhleb the Destroyer
  1792 | D:2      | Acquired Makhleb's first power
  1792 | D:2      | Acquired Makhleb's second power
  1970 | D:3      | Reached skill level 1 in Invocations
  1970 | D:3      | Reached XP level 5. HP: 41/41 MP: 5/5
  1981 | D:3      | Found a shadowy altar of Dithmenos.
  2070 | D:3      | Found a deep blue altar of Sif Muna.
  2509 | D:4      | Noticed Eustachio
  2548 | D:4      | Killed Eustachio
  2548 | D:4      | Reached XP level 6. HP: 33/47 MP: 9/9
  2754 | D:4      | Acquired Makhleb's third power
  2779 | D:4      | Reached XP level 7. HP: 52/52 MP: 11/11
  2850 | D:4      | Found a radiant altar of Vehumet.
  3519 | D:5      | Entered Level 5 of the Dungeon
  3806 | D:5      | Found a shattered altar of Ashenzari.
  3825 | D:5      | Acquired Makhleb's fourth power
  3825 | D:5      | Reached skill level 5 in Maces & Flails
  3890 | D:5      | Reached XP level 8. HP: 56/58 MP: 12/12
  4065 | D:5      | Found a staircase to the Ecumenical Temple.
  4075 | Temple   | Entered the Ecumenical Temple
  4470 | D:6      | Noticed Grinder
  4471 | D:6      | Reached skill level 6 in Maces & Flails
  4484 | D:6      | Killed Grinder
  4488 | D:6      | Reached skill level 5 in Invocations
  4489 | D:6      | Found a shimmering altar of Xom.
  4665 | D:6      | Found a burning altar of Makhleb.
  4729 | D:6      | Noticed Crazy Yiuf
  4733 | D:6      | Killed Crazy Yiuf
  4832 | D:6      | Reached skill level 7 in Invocations
  4914 | D:6      | Reached skill level 1 in Evocations
  4914 | D:6      | Reached XP level 9. HP: 58/63 MP: 19/19
  4949 | D:6      | Found a snail-covered altar of Cheibriados.
  5066 | D:6      | Found a sparkling altar of Nemelex Xobeh.
  5266 | D:7      | Reached skill level 1 in Shields
  5551 | D:7      | Paralysed by a giant eyeball for 4 turns
  5558 | D:7      | Paralysed by a giant eyeball for 4 turns
  5662 | D:7      | Acquired Makhleb's fifth power
  5856 | D:7      | Found Jahal's Gadget Boutique.
  6202 | D:7      | Got a pitted bone ring
  6314 | D:7      | Identified the ring of Reutryna {SustAb Dam+4} (You found it on level 7 of the Dungeon)
  6651 | D:7      | Got a crude bronze amulet
  6698 | D:7      | Found a bloodstained altar of Trog.
  7020 | D:8      | Reached XP level 10. HP: 60/71 MP: 20/20
  7325 | D:8      | Found a shimmering altar of Xom.
  7541 | D:9      | Reached skill level 5 in Fighting
  7564 | D:9      | Reached skill level 8 in Maces & Flails
  7703 | D:9      | Reached skill level 9 in Maces & Flails
  7824 | D:9      | Found a glowing golden altar of the Shining One.
  8155 | D:10     | Entered Level 10 of the Dungeon
  8181 | D:10     | Noticed a hill giant
  8196 | D:10     | Reached skill level 10 in Maces & Flails
  8476 | D:10     | Noticed a hill giant
  8488 | D:10     | Killed a hill giant
  8583 | D:10     | Reached skill level 11 in Maces & Flails
  8593 | D:10     | Killed a hill giant
  8593 | D:10     | Reached XP level 11. HP: 53/79 MP: 21/21
  8785 | D:10     | Reached skill level 5 in Armour
  9091 | D:10     | Found a staircase to the Orcish Mines.
  9092 | D:10     | Found a roughly hewn altar of Beogh.
  9425 | D:10     | Found a staircase to the Lair.
  9504 | D:10     | Noticed Fannar
  9510 | D:10     | Killed Fannar
  9712 | Lair:1   | Entered Level 1 of the Lair of Beasts
  9843 | Lair:1   | Noticed Prince Ribbit
  9866 | Lair:1   | Killed Prince Ribbit
  9922 | Lair:1   | Identified the amulet of Midnight {rCorr +Fly rN+ MR++} (You found it on level 7 of the Dungeon)
  9954 | Lair:1   | Found a dark tunnel.
  9977 | Volcano  | Entered a volcano
  9978 | Volcano  | Noticed a hill giant
  9990 | Volcano  | Killed a hill giant
  9998 | Volcano  | Noticed a hill giant
 10004 | Volcano  | Killed a hill giant
 10261 | Lair:2   | Found a frozen archway.
 10265 | IceCv    | Entered an ice cave
 10515 | IceCv    | Noticed an ice statue
 10515 | IceCv    | Noticed an ice statue
 10729 | IceCv    | Killed an ice statue
 10729 | IceCv    | Reached XP level 12. HP: 42/86 MP: 22/22
 10978 | IceCv    | Killed an ice statue
 10978 | IceCv    | Reached skill level 10 in Armour
 11033 | IceCv    | Noticed an ice dragon
 11033 | IceCv    | Noticed an ice dragon
 11044 | IceCv    | Killed an ice dragon
 11097 | IceCv    | HP: 4/86 [smoke demon/sticky flame[the player character] (1)]
 11098 | IceCv    | Incinerated by a smoke demon

Action                   |  1- 3 |  4- 6 |  7- 9 | 10-12 || total
-------------------------+-------+-------+-------+-------++-------
Melee: Unarmed           |    45 |       |       |     1 ||    46
       Whip              |    16 |    97 |   377 |    98 ||   588
       Mace              |       |       |    54 |   283 ||   337
       Flail             |       |       |       |   192 ||   192
Throw: Javelin           |    19 |    27 |    22 |    39 ||   107
       Dart              |    10 |     3 |     4 |       ||    17
       Tomahawk          |       |       |    16 |    10 ||    26
       Throwing net      |       |       |     1 |     1 ||     2
Invok: Minor Destruction |       |     1 |    25 |    30 ||    56
       Lesser Servant of |       |       |     5 |    16 ||    21
       Major Destruction |       |       |       |     2 ||     2
       Greater Servant o |       |       |       |     2 ||     2
Evoke: Wand              |       |     1 |     3 |     4 ||     8
  Use: Scroll            |     1 |     8 |    16 |    15 ||    40
       Potion            |       |       |     4 |     3 ||     7
 Stab: Distracted        |       |       |     1 |     2 ||     3
